 Dungeon Crawl Stone Soup version 0.30-a0-141-g30f27751c5 (webtiles) character file.

Game seed: 9248332234376498603

257 qw the Chopper (level 6, 0/39 HPs)
             Began as a Gargoyle Fighter on Sept 25, 2022.
             Slain by an orc
             ... wielding a +0 hand axe
              (6 damage)
             ... on level 4 of the Dungeon.
             The game lasted 00:01:18 (3596 turns).

qw the Chopper (Gargoyle Fighter)                   Turns: 3596, Time: 00:01:19

Health: 0/39       AC: 14    Str: 22    XL:     6   Next: 16%
Magic:  6/6        EV:  7    Int:  8    God:
Gold:   73         SH:  4    Dex:  9    Spells: 5/5 levels left

rFire   . . .      SeeInvis .    Y - +1 war axe
rCold   . . .      Faith    .    c - +0 buckler
rNeg    + . .      Spirit   .    m - +0 chain mail
rPois   inf        Reflect  .    j - +0 helmet
rElec   +          Harm     .    (no cloak)
rCorr   .          Rampage  .    (no gloves)
Will    .....                    (no boots)
Stlth   ..........               (no amulet)
HPRegen 0.13/turn                (no ring)
MPRegen 0.10/turn                (no ring)

@: about to teleport
A: sickness immunity, AC +4, negative energy resistance 1, electricity
resistance, torment resistance 1, petrification resistance
a: no special abilities


You were on level 4 of the Dungeon.
You visited 1 branch of the dungeon, and saw 4 of its levels.

You collected 203 gold pieces.
You spent 130 gold pieces at shops.


Innate Abilities, Weirdness & Mutations

You are immune to sickness and miasma.
Your stone body is resilient. (AC +4)
You are immune to poison.
You resist negative energy. (rN+)
You are resistant to electric shocks. (rElec)
You are resistant to unholy torment.
You are immune to petrification.


   Skills:
 - Level 4.4 Fighting
 + Level 5.1 Axes
 - Level 3.2 Armour
 - Level 3.2 Shields


You had 5 spell levels left.
You didn't know any spells.
Your spell library was empty.

Inventory:

Hand Weapons
 g - a +0 whip
 Y - a +1 war axe (weapon)
Missiles
 h - a boomerang (quivered)
Armour
 c - a +0 buckler (worn)
 j - a +0 helmet (worn)
 m - a +0 chain mail (worn)
Jewellery
 k - a ring of fire
Scrolls
 a - 3 scrolls of identify
 b - a scroll of teleportation
 e - a scroll of summoning {unknown}
 l - a scroll of fog {unknown}
Potions
 d - a potion of might
 f - a potion of heal wounds
 i - a potion of haste
 n - a potion of curing
 o - a potion of mutation {unknown}

Dungeon Overview and Level Annotations

Branches:
Dungeon (4/15)
 Temple: D:4-7

Altars:
Uskayaw

Shops:
D:2 =   D:3 =   D:4 ?


Message History

The orc throws a boomerang.
The boomerang hits you but does no damage.
The orc priest invokes the aid of Beogh against you.
Beogh smites you!
3584 ||| Stepping ~*~*~tactically~*~*~ (hiding).
You start resting.
An orc is nearby!
You barely miss the orc.
The orc is almost dead.
The orc hits you but does no damage.
You barely miss the orc.
The orc is almost dead.
The orc hits you but does no damage.
You closely miss the orc.
The orc is almost dead.
The orc hits you with a +0 club.
You slice the orc!!
You kill the orc!
You hit the orc but do no damage. You closely miss the orc.
The orc hits you but does no damage. The orc hits you with a +0 hand axe.
The orc hits you but does no damage.
You hit the orc but do no damage. You barely miss the orc.
The orc barely misses you. The orc closely misses you.
You hit the orc but do no damage. You closely miss the orc.
You block the orc's attack. x2; The orc hits you but does no damage.
You barely miss the orc. You completely miss the orc.
The orc hits you from afar with a +0 trident.
The orc hits you with a +0 war axe. The orc hits you but does no damage.
The orc hits you with a +0 hand axe. The orc barely misses you.
You closely miss the orc. You slash the orc!
You kill the orc!
The orc barely misses you.
You hit the orc but do no damage.
The orc hits you from afar with a +0 trident.
3596 ||| READING 2 scrolls of teleportation.
As you read the scroll of teleportation, it crumbles to dust.
You feel strangely unstable. The orc hits you with a +0 hand axe.
You die...

... ...... ....$o. ...
....... ....o.# ......
#.#.... ....o.# .....#
#..... ...o..##
.....####.....#........
........##.......o.....
..............o#.......
...............o##
..........##...o@#
..........###....#
...........####..##
#.......##...##...#
#...#....#...##%..#
....###.........###
.....###.........#
....<# ##.^.##..##
..#..# #########


You could see an orc priest and 2 orcs.

Vanquished Creatures
  A phantom (D:4)
  An orc priest (D:3)
  An orc wizard (D:3)
  Terence (D:3)
  2 adders
  2 worms
  2 dart slugs
  5 orcs
  8 ball pythons
  8 endoplasms
  7 goblins
  8 hobgoblins
  6 jackals
  A quokka (D:2)
  3 bats
  9 frilled lizards
  8 kobolds
  5 rats
78 creatures vanquished.

Notes
Turn   | Place    | Note
-------+----------+-------------------------------------------
     0 | D:1      | qw the Gargoyle Fighter began the quest for the Orb.
     0 | D:1      | Reached XP level 1. HP: 14/14 MP: 1/1
     0 | D:1      | 0 ||| qw: Version: 0.2-a-10-g399e6c4
     0 | D:1      | 0 ||| qw: Game counter: 149
     0 | D:1      | 0 ||| qw: Always use a shield: true
     0 | D:1      | 0 ||| qw: God list: Okawaru
     0 | D:1      | 0 ||| qw: Allow faded altars: false
     0 | D:1      | 0 ||| qw: Do Orc after D:15 true
     0 | D:1      | 0 ||| qw: Do second Lair branch before Depths: true
     0 | D:1      | 0 ||| qw: Lair rune preference: random
     0 | D:1      | 0 ||| qw: Plans: Normal, Zot:1-4, God:TSO, Crypt, Tomb,
                  | Pan, Slime:5, Hells, Abyss, Orb
     0 | D:1      | 0 ||| PLANNING D:1-11
    57 | D:1      | Reached skill level 2 in Axes
   302 | D:1      | Reached XP level 2. HP: 18/19 MP: 2/2
   454 | D:1      | 454 ||| Stepping ~*~*~tactically~*~*~ (stealth).
   556 | D:1      | Reached skill level 3 in Axes
   584 | D:1      | Reached XP level 3. HP: 21/23 MP: 3/3
   888 | D:1      | 888 ||| Stepping ~*~*~tactically~*~*~ (stealth).
   889 | D:1      | 889 ||| Stepping ~*~*~tactically~*~*~ (stealth).
   890 | D:1      | 890 ||| Stepping ~*~*~tactically~*~*~ (stealth).
   976 | D:1      | Found a faded altar of an unknown god.
  1201 | D:1      | 1201 ||| UPGRADING to +0 helmet.
  1206 | D:1      | 1206 ||| READING scroll labelled LAUNEU JUEVA.
  1207 | D:1      | 1207 ||| READING scroll labelled PUYGAS LUMI.
  1208 | D:1      | 1208 ||| READING scroll labelled XIUCROOXTO.
  1209 | D:1      | 1209 ||| READING scroll labelled JICE AW OCZOD.
  1210 | D:1      | 1210 ||| READING scroll labelled YFEL UREUPSA.
  1684 | D:2      | 1684 ||| Stepping ~*~*~tactically~*~*~ (stealth).
  1853 | D:2      | Found a hide-covered altar of Uskayaw.
  1871 | D:2      | 1871 ||| DROPPING +0 club.
  2065 | D:2      | Found Uttok's Jewellery Boutique.
  2068 | D:2      | 2068 ||| SHOPLISTING amulet "Zium" {RegenMP Will+ Str+4
                  | Dex+3} (687 gold, have 102).
  2068 | D:2      | 2068 ||| SHOPLISTING ring of positive energy (240 gold,
                  | have 102).
  2068 | D:2      | 2068 ||| SHOPLISTING ring of resist corrosion (240 gold,
                  | have 102).
  2231 | D:2      | Reached XP level 4. HP: 25/28 MP: 4/4
  2279 | D:2      | 2279 ||| READING 3 scrolls labelled NUKAM HISYSONG.
  2280 | D:2      | 2280 ||| READING scroll labelled LABBANU MIKYF.
  2281 | D:2      | 2281 ||| READING 2 scrolls of identify.
  2281 | D:2      | 2281 ||| IDENTIFYING blue potion
  2345 | D:3      | Reached skill level 4 in Axes
  2437 | D:3      | Found Palecut's Jewellery Shop.
  2443 | D:3      | 2443 ||| SHOPLISTING +4 ring of evasion (432 gold, have
                  | 118).
  2443 | D:3      | 2443 ||| SHOPLISTING amulet of guardian spirit (360 gold,
                  | have 118).
  2443 | D:3      | 2443 ||| SHOPLISTING amulet of regeneration (360 gold, have
                  | 118).
  2443 | D:3      | 2443 ||| SHOPLISTING ring of see invisible (180 gold, have
                  | 118).
  2443 | D:3      | 2443 ||| SHOPLISTING ring of willpower (300 gold, have
                  | 118).
  2443 | D:3      | Noticed Terence
  2448 | D:3      | Killed Terence
  2708 | D:3      | Identified the +0 hand axe of Mayhem {freeze, rPois}
  2710 | D:3      | 2710 ||| DROPPING +0 hand axe of Mayhem {freeze, rPois}.
  2876 | D:3      | 2876 ||| Stepping ~*~*~tactically~*~*~ (hiding).
  2886 | D:3      | Reached XP level 5. HP: 32/32 MP: 5/5
  2935 | D:3      | HP: 7/32 [something (3)]
  2937 | D:3      | 2937 ||| DRINKING 2 potions of heal wounds.
  2939 | D:3      | Reached skill level 5 in Axes
  3130 | D:3      | 3130 ||| UPGRADING to +0 chain mail.
  3140 | D:3      | 3140 ||| DROPPING +0 scale mail.
  3141 | D:3      | 3141 ||| READING scroll labelled ACETIMO KOENEI.
  3142 | D:3      | 3142 ||| DRINKING 2 sedimented pink potions.
  3247 | D:3      | 3247 ||| READING 2 scrolls of identify.
  3247 | D:3      | 3247 ||| IDENTIFYING red potion
  3248 | D:3      | 3248 ||| DROPPING potion of berserk rage.
  3309 | D:4      | Found Soufof's Magic Scroll Shoppe.
  3329 | D:4      | 3329 ||| Stepping ~*~*~tactically~*~*~ (stealth).
  3342 | D:4      | 3342 ||| BUYING 2 scrolls of teleportation (78 gold).
  3342 | D:4      | Bought 2 scrolls of teleportation for 78 gold pieces
  3342 | D:4      | 3342 ||| SHOPLISTING scroll of enchant weapon (97 gold,
                  | have 95).
  3342 | D:4      | 3342 ||| BUYING scroll of identify (26 gold).
  3342 | D:4      | Bought a scroll of identify for 26 gold pieces
  3342 | D:4      | 3342 ||| BUYING scroll of identify (26 gold).
  3342 | D:4      | Bought a scroll of identify for 26 gold pieces
  3355 | D:4      | Noticed a phantom
  3365 | D:4      | Killed a phantom
  3366 | D:4      | Reached XP level 6. HP: 34/39 MP: 6/6
  3464 | D:4      | 3464 ||| Stepping ~*~*~tactically~*~*~ (hiding).
  3467 | D:4      | 3467 ||| Stepping ~*~*~tactically~*~*~ (hiding).
  3581 | D:4      | 3581 ||| Stepping ~*~*~tactically~*~*~ (stealth).
  3584 | D:4      | 3584 ||| Stepping ~*~*~tactically~*~*~ (hiding).
  3595 | D:4      | HP: 6/39 [orc/+0 trident (5)]
  3596 | D:4      | 3596 ||| READING 2 scrolls of teleportation.
  3596 | D:4      | Slain by an orc

Levels and vault maps discovered:
D:1:      dpeg_arrival_round_c, layout_basic,
          dreamdust_ecumenical_altar_statues, kennysheep_doodads,
          nrook_mini_backslash, minmay_statues_item, minivault_5, st_stairs_10,
          minmay_misc_feat_secret_circle
D:2:      minmay_razor_zed, layout_basic, serial_shops,
          nicolae_shop_behind_doors, basic_altar, grunt_decor_mini_mirrors
D:3:      layout_basic, serial_shops, shop_fountains, uniq_terence
D:4:      layout_cave_pools, regret_index_temple_of_mockery, serial_shops,
          nicolae_shop_waterfront

Skill      XL: |  1  2  3  4  5 |
---------------+----------------+-----
Axes           | 2 3 4 5 |  5.1
Fighting       | 4 |  4.4
Armour         | |  3.2
Shields        | |  3.2

Action                   |  1- 3 |  4- 6 || total
-------------------------+-------+-------++-------
Melee: War axe           |   174 |   123 ||   297
Throw: Boomerang         |       |    27 ||    27
  Use: Scroll            |     5 |     6 ||    11
       Potion            |       |     2 ||     2
Armor: Scale mail        |   110 |    53 ||   163
       Chain mail        |       |    18 ||    18
Dodge: Dodged            |    75 |    36 ||   111
Block: Buckler           |    24 |    22 ||    46

Table legend:
 A = Non-vault XP
 B = Vault XP
 C = Vault XP percentage of total XP
 D = Non-vault monster count
 E = Vault monster count
 F = Vault count percentage of total count
                 A         B        C        D         E       F
            +---------+---------+-------+---------+---------+-------
      Total |     302 |      66 |  17.9 |      65 |      13 |  16.7
            +---------+---------+-------+---------+---------+-------
        D:1 |      45 |       3 |   6.2 |      26 |       2 |   7.1
        D:2 |      15 |      31 |  67.4 |      12 |      10 |  45.5
        D:3 |     121 |      32 |  20.9 |      17 |       1 |   5.6
        D:4 |     121 |       0 |   0.0 |      10 |       0 |   0.0
            +---------+---------+-------+---------+---------+-------
